 Dungeon Crawl Stone Soup version 0.23-a0-837-ga3e6480 (console) character file.

0 bli the Skirmisher (level 1, -2/18 HPs)
             Began as a Formicid Abyssal Knight on Jan 25, 2019.
             Was an Initiate of Lugonu.
             Slain by a hobgoblin
             ... wielding a +0 club
              (4 damage)
             ... on level 1 of the Dungeon.
             The game lasted 00:00:35 (99 turns).

bli the Skirmisher (Formicid Abyssal Knight)          Turns: 99, Time: 00:00:36

Health: -2/18      AC:  3    Str: 16    XL:     1   Next: 0%
Magic:  2/2        EV: 11    Int: 11    God:    Lugonu [......]
Gold:   0          SH:  0    Dex: 10    Spells: 0/0 levels left

rFire    . . .     SeeInvis +   d - -2 spear (curse)
rCold    . . .     Gourm    .   (no shield)
rNeg     . . .     Faith    .   b - +0 leather armour
rPois    .         Spirit   .   (helmet unavailable)
rElec    .         Reflect  .   (no cloak)
rCorr    .         Harm     .   (no gloves)
MR       .....                  (no boots)
Stlth    +.........             (no amulet)
HPRegen  0.06/turn              (no ring)
MPRegen  0.08/turn              (no ring)

@: no status effects
A: permanent stasis, dig shafts and tunnels, four strong arms, antennae 3
a: Dig, Shaft Self, Renounce Religion


You were on level 1 of the Dungeon.
You worshipped Lugonu.
Lugonu was noncommittal.
You were not hungry.

You visited 1 branch of the dungeon, and saw 1 of its levels.
You visited the Abyss 1 time.

Inventory:

Hand Weapons
 a - a +1 falchion
 d - a cursed -2 spear (weapon)
Armour
 b - a +0 leather armour (worn)
Comestibles
 c - a ration


   Skills:
 + Level 3.2 Fighting
 + Level 2.0 Long Blades
 + Level 2.1 Armour
 + Level 0.8 Dodging
 + Level 2.1 Invocations


You couldn't memorise any spells.
You didn't know any spells.
Your spell library was empty.

Dungeon Overview and Level Annotations

Branches:
Dungeon (1/15)

Altars:


Innate Abilities, Weirdness & Mutations

You cannot be hasted, slowed, berserked, paralysed or teleported.
You can dig through walls and to a lower floor.
Your four strong arms can wield two-handed weapons with a shield.
You have a pair of large antennae on your head. (SInv)


Message History

Found a river rat skeleton.
You see here a runed spear.
d - a runed spear Wield which item (- for none, * to show all)? (? for menu, Esc to quit)
It sticks to your hand!
d - a cursed -2 spear (weapon)
There is a staircase leading out of the dungeon here.
Found an inedible chunk of flesh.
Magic restored.
You open the door.
There is an open door here.
Found 17 stones.
A hobgoblin and a kobold come into view.
The hobgoblin shouts!
The kobold shouts!
Found a whip.
A rat comes into view.
A goblin comes into view. It is wielding a +0 club.
A bat comes into view.
The kobold hits you but does no damage. The hobgoblin hits you with a +0 club.
You die...

########## ...#
##≈≈%§☼○☼☼## ..b#
#○≈≈☼°≈☼○≈≈# ...#
#☼≈#○○≈○#○☼# g..#
#÷○≈°○°≈≈≈○# ...#
#○≈○≈○☼≈○☼○# ...#
#################.(.####
#....<....'.....@K.r....
############.....g..)...
#☼°°≈☼○%≈≈≈#............
#°☼☼☼○≈○☼≈≈######...####
#°°#°☼○○#°≈# ...#
#≈≈≈°☼§☼≈☼§# ...#
##≈≈≈°§≈○○## ...#
########## ...#


You could see a hobgoblin, a goblin, a bat, a kobold and a rat.

Vanquished Creatures (others)
  4 starspawn tentacles (Abyss:1)
4 creatures vanquished.

Notes
Turn   | Place    | Note
-------+----------+-------------------------------------------
     0 | Abyss:1  | bli the Formicid Abyssal Knight began the quest for the
                  | Orb.
     0 | Abyss:1  | Reached XP level 1. HP: 18/18 MP: 2/2
    40 | Abyss:1  | Found a radiant altar of Vehumet.
    65 | Abyss:1  | Noticed a tentacled starspawn
    74 | Abyss:1  | Noticed a demonic crawler
    77 | D:1      | Escaped the Abyss
    99 | D:1      | Slain by a hobgoblin

Vault maps used:
D:1:      saegor_arrival_miasma
Abyss:1:  eino_small_chamber_without_monster

Action                   || total
-------------------------++-------
Melee: Falchion          ||     2
Invok: Depart the Abyss  ||     1
Armor: Leather armour    ||     3
Dodge: Dodged            ||     3

Table legend:
 A = Non-vault XP
 B = Vault XP
 C = Vault XP percentage of total XP
 D = Non-vault monster count
 E = Vault monster count
 F = Vault count percentage of total count
                 A         B        C        D         E       F
            +---------+---------+-------+---------+---------+-------
      Total |       0 |       0 |   N/A |       0 |       0 |  -nan
            +---------+---------+-------+---------+---------+-------
            +---------+---------+-------+---------+---------+-------
